 Dungeon Crawl Stone Soup version 0.28.0-53-g5a82cb258f (webtiles) character file.

Game seed: 7014861577727104280

219 Tirrikindir the Ruffian (level 5, -5/53 HPs)
             Began as a Troll Fighter on Aug 6, 2022.
             Slain by Crazy Yiuf
             ... wielding a +4 quarterstaff of chaos
              (23 damage)
             ... on level 2 of the Dungeon.
             The game lasted 00:04:18 (1189 turns).

Tirrikindir the Ruffian (Troll Fighter)             Turns: 1189, Time: 00:04:18

Health: -5/53      AC:  4    Str: 24    XL:     5   Next: 63%
Magic:  4/4        EV: 14    Int:  4    God:
Gold:   129        SH:  7    Dex: 11    Spells: 4/4 levels left

rFire   . . .      SeeInvis .     - Unarmed
rCold   . . .      Faith    .   b - +0 kite shield
rNeg    . . .      Spirit   .   a - +0 robe
rPois   .          Reflect  .   (helmet restricted)
rElec   .          Harm     .   (no cloak)
rCorr   .          Rampage  .   (gloves unavailable)
Will    .....                   (boots unavailable)
Stlth   +.........              (no amulet)
HPRegen 0.97/turn               (no ring)
MPRegen 0.09/turn               (no ring)

@: mighty, agile
A: large, unfitting armour, claws 3, regeneration 1, shaggy fur 1, tough skin 1
a: no special abilities


You were on level 2 of the Dungeon.
You visited 1 branch of the dungeon, and saw 2 of its levels.

You collected 129 gold pieces.

Inventory:

Armour
 a - a +0 robe (worn)
 b - a +0 kite shield (worn)
Scrolls
 e - 3 scrolls of teleportation
 f - a scroll of magic mapping
 h - a scroll of noise {unknown}
 i - a scroll of enchant weapon {unknown}
Potions
 d - 2 potions of curing
 g - a potion of brilliance


   Skills:
 * Level 3.6 Fighting
 + Level 3.0 Dodging
 + Level 3.1 Shields
 * Level 3.7 Unarmed Combat


You had 4 spell levels left.
You didn't know any spells.
Your spell library contained the following spells:

 Spells                   Type           Power      Damage    Failure   Level
 Frozen Ramparts          Ice            0%         1d2       99%         3
 Ice Form                 Ice/Tmut       0%         N/A       100%        4
 Summon Ice Beast         Ice/Summ       0%         N/A       100%        4


Dungeon Overview and Level Annotations

Branches:
Dungeon (2/15)

Altars:

Annotations:
D:2 Crazy Yiuf


Innate Abilities, Weirdness & Mutations

You are too large for most types of armour.
You have claws for hands.
Your natural rate of healing is unusually fast.
You are covered in fur. (AC +1)
You have tough skin. (AC +1)


Message History

You claw something!
Reactivating autopickup.
You feel a bit more experienced.
Your Dodging skill increases to level 3!
Your Shields skill increases to level 3!
Your Unarmed Combat skill increases to level 3!
You have reached level 4!
You have reached level 5!
Things that are here:
a +3 scythe of flaming; a +0 robe You start resting.
HP restored.
Things that are here:
a +3 scythe of flaming; a +0 robe
Things that are here:
a +3 scythe of flaming; a +0 robe You claw the fungus!
The fungus begins to die.
The fungus is lightly damaged.
You claw the fungus!
The fungus begins to die.
The fungus is lightly damaged.
You claw the fungus!
The fungus begins to die.
The fungus is lightly damaged.
You claw the bush!
The bush is lightly damaged.
A nearby fungus withers and dies. x2
Found a glowing mace.
Found a runed translucent door.
A nearby fungus withers and dies.
Crazy Yiuf screams, "Proton!
Goober spinner spinner."
You open the door.
Crazy Yiuf drinks a potion.
Crazy Yiuf goes berserk!
Crazy Yiuf hits you with a +4 quarterstaff of chaos! x2
Crazy Yiuf burns you.
There is an open translucent door, spattered with blood here.
You mangle Crazy Yiuf!!
Crazy Yiuf is severely wounded.
Crazy Yiuf hits you with a +4 quarterstaff of chaos!
You feel agile all of a sudden.
You closely miss Crazy Yiuf.
Crazy Yiuf is severely wounded.
Crazy Yiuf hits you with a +4 quarterstaff of chaos!!
You die...

### #.# #.#### #....#
#.### ###.).#####
#### ..###..#..##
###..)#
..###.....P####.@g..#
............#..##...#
.......#...#.### ####
#...†..#######
#......# #.#######
#.# #.# ..# #.# #####
#.#


You could see Crazy Yiuf (berserk).

Vanquished Creatures
  Sigmund (D:2)
  An adder (D:2)
  A worm (D:2)
  7 endoplasms
  3 giant cockroaches
  5 goblins
  4 jackals (D:2)
  2 quokkas (D:1)
  4 ball pythons
  5 bats
  3 frilled lizards
  2 kobolds (D:1)
  4 rats
42 creatures vanquished.

Vanquished Creatures (others)
  3 fungi (D:2)
3 creatures vanquished.

Grand Total: 45 creatures vanquished

Notes
Turn   | Place    | Note
-------+----------+-------------------------------------------
     0 | D:1      | Tirrikindir the Troll Fighter began the quest for the Orb.
     0 | D:1      | Reached XP level 1. HP: 22/22 MP: 0/0
   174 | D:1      | Reached XP level 2. HP: 29/29 MP: 1/1
   206 | D:1      | You fall into a shaft and drop 1 floor!
   674 | D:1      | Reached XP level 3. HP: 36/36 MP: 2/2
  1136 | D:2      | Noticed Sigmund
  1144 | D:2      | Killed Sigmund
  1145 | D:2      | Reached XP level 4. HP: 27/46 MP: 3/3
  1145 | D:2      | Reached XP level 5. HP: 31/53 MP: 4/4
  1182 | D:2      | Found a runed translucent door.
  1183 | D:2      | Noticed Crazy Yiuf
  1189 | D:2      | Slain by Crazy Yiuf

Illustrated notes

Levels and vault maps discovered:
D:1:      zelgadis_glass_arrival_small, layout_basic
D:2:      layout_basic, uniq_crazy_yiuf_cottage, uniq_sigmund

Skill      XL: |  1  2  3 |
---------------+----------+-----
Fighting       | 3 |  3.6
Dodging        | 3 |  3.0
Shields        | 3 |  3.1
Unarmed Combat | 3 |  3.7

Action                   |  1- 3 |  4- 6 || total
-------------------------+-------+-------++-------
Melee: Unarmed           |   123 |     6 ||   129
  Use: Scroll            |     4 |       ||     4
       Potion            |     1 |       ||     1
 Stab: Sleeping          |     2 |       ||     2
Armor: Robe              |    41 |       ||    41
Dodge: Dodged            |    40 |       ||    40
Block: Kite shield       |    35 |       ||    35
